 Dungeon Crawl Stone Soup version 0.20.1-1-g8b1a95d (webtiles) character file.

790 Starchild the Slicer (level 8, 0/44 HPs)
             Began as a Kobold Hunter on July 26, 2017.
             Was a Believer of Ru.
             Slain by an orc
             ... wielding a +0 club
              (4 damage)
             ... on level 5 of the Dungeon.
             The game lasted 00:20:41 (4311 turns).

Starchild the Slicer (Kobold Hunter)                Turns: 4311, Time: 00:20:42

Health: 0/44       AC:  4    Str:  9    XL:     8   Next: 12%
Magic:  8/8        EV: 20    Int: 14    God:    Ru [**....]
Gold:   203        SH:  0    Dex: 21    Spells: 7/7 levels left

rFire    . . .     SeeInvis .   A - +5 short sword
rCold    . . .     Gourm    .   (shield restricted)
rNeg     . . .     Faith    .   c - +0 leather armour
rPois    .         Spirit   .   e - +0 helmet
rElec    .         Reflect  .   m - scarf {repulsion}
rCorr    .         Harm     .   (no gloves)
MR       .....                  F - +0 pair of boots
Stlth    +++.......             (no amulet)
Regen    0.2/turn               g - +4 ring of protection
MPRegen  0.2/turn               (no ring)

@: agile, hasted, repel missiles, very quick
A: carnivore 3, reduced AC 1
a: Renounce Religion


You were on level 5 of the Dungeon.
You worshipped Ru.
Ru was pleased with you.
You were full.

You visited 1 branch of the dungeon, and saw 5 of its levels.

You collected 203 gold pieces.

Inventory:

Hand Weapons
 a - a +1 hand crossbow
 j - the +4 hunting sling "Omu Opn" {venom, *Contam +Inv rF++ rN+++, unknown}
   (You found it on level 5 of the Dungeon)

   It poisons the ammo it fires.
   It greatly protects you from fire.
   It renders you almost immune to negative energy.
   It lets you turn invisible.
   It causes magical contamination when unequipped.
 A - a +5 short sword (weapon)
Missiles
 d - 14 bolts
 h - 178 stones
 y - 5 tomahawks (quivered)
Armour
 c - a +0 leather armour (worn)
 e - a +0 helmet (worn)
 m - a scarf of repulsion (worn)
 F - a +0 pair of boots (worn)
Jewellery
 g - a +4 ring of protection (left hand)
Wands
 p - a wand of iceblast (10/15)
 s - a wand of acid (5/15)
 D - a wand of paralysis (8/24)
Scrolls
 b - a scroll of fog {unknown}
 n - 3 scrolls of remove curse
 o - a scroll of immolation {unknown}
 r - a scroll of enchant weapon {unknown}
 t - 2 scrolls of teleportation {unknown}
 B - a scroll of recharging {unknown}
Potions
 i - 2 potions of magic
 k - 2 potions of might
 v - a potion of haste
 w - a potion of mutation {unknown}
 x - a potion of brilliance {unknown}
 z - a potion of heal wounds {unknown}
 C - a potion of berserk rage {unknown}
 G - a potion of flight {unknown}
Books
 u - a Fen Folio

   Spells                             Type                      Level
   a - Corpse Rot                     Necromancy                   2
   b - Stone Arrow                    Conjuration/Earth            3
   c - Leda's Liquefaction            Hexes/Earth                  4
   d - Summon Forest                  Summoning/Translocation      5
   e - Hydra Form                     Transmutation                6
   f - Summon Hydra                   Summoning                    7
 E - a book of Misfortune

   Spells                             Type                      Level
   a - Confusing Touch                Hexes                        1
   b - Confuse                        Hexes                        3
   c - Gell's Gravitas                Translocation                3
   d - Petrify                        Transmutation/Earth          4
   e - Metabolic Englaciation         Hexes/Ice                    5
   f - Yara's Violent Unravelling     Hexes/Transmutation          5
Comestibles
 f - 2 meat rations


   Skills:
 - Level 2.1 Fighting
 + Level 10.8 Short Blades
 - Level 4.8 Crossbows
 - Level 2.4 Dodging
 - Level 1.3 Stealth


You had 7 spell levels left.
You didn't know any spells.

Dungeon Overview and Level Annotations

Branches:
Dungeon (5/15)
 Temple: D:4-7

Altars:
Ru


Innate Abilities, Weirdness & Mutations

You are small and have problems with some larger weapons.
You are carnivorous and can eat meat at any time.
You take slightly more damage. (AC -5)


Message History

You barely miss the orc priest.
The orc priest is moderately wounded.
You hear some strange, mumbled words.
A magic dart appears from out of thin air!
The magic dart hits you!
* * * LOW HITPOINT WARNING * * *
The orc priest invokes the aid of Beogh against you.
Beogh smites you!
* * * LOW HITPOINT WARNING * * *
It was a potion of haste.
You feel yourself speed up. The orc misses you. Something hits you.
* * * LOW HITPOINT WARNING * * *
The orc priest barely misses you.
It was a potion of agility.
You feel agile all of a sudden.
You redirect the orc priest's attack!
You hit the orc.
The orc is heavily wounded.
The orc hits you with a club.
You die...

#.#.#.####.#
..#.#.####.#
#.#.....##.#
#.#.....##.# #####
..#......#.# #...#
..##.....#.#####o..#
.........#......{.>#
#.##.....#######o#(o...#
#.##.....# #@#.oo..#
#.##.....# #.# #..(#
#.##.....# #.# ...#
#.######.# #.# .(# #.#
#.# #.# .# #.# #.# #.# #
#^# #.. #.# ### #..


You could see an orc priest and an orc.

Vanquished Creatures
  The ghost of Vajrapani the Firebug, an amateur DEFE of Elyvilon (D:4)
  2 ogres
  A water moccasin skeleton (D:5)
  A scorpion (D:4)
  A howler monkey (D:4)
  A crimson imp (D:5)
  A hound (D:4)
  An orc priest (D:4)
  Natasha (twice) (D:2)
  2 orc wizards
  A worker ant (D:4)
  Robin (D:2)
  4 adders
  An ooze (D:2)
  3 worms
  2 dart slugs
  3 leopard geckos
  4 orcs
  11 bats
  5 giant cockroaches
  21 goblins
  8 hobgoblins
  7 jackals
  A quokka (D:3)
  A ball python (D:4)
  4 frilled lizards
  6 kobolds
  7 rats
103 creatures vanquished.

Notes
Turn   | Place    | Note
-------+----------+-------------------------------------------
     0 | D:1      | Starchild the Kobold Hunter began the quest for the Orb.
     0 | D:1      | Reached XP level 1. HP: 12/12 MP: 1/1
   195 | D:1      | Reached skill level 1 in Short Blades
   308 | D:1      | Reached skill level 2 in Short Blades
   308 | D:1      | Reached XP level 2. HP: 4/17 MP: 2/2
   746 | D:1      | Reached skill level 3 in Short Blades
   803 | D:1      | Reached XP level 3. HP: 20/21 MP: 3/3
  1302 | D:2      | Noticed Natasha
  1307 | D:2      | Killed Natasha
  1307 | D:2      | Reached skill level 4 in Short Blades
  1307 | D:2      | Reached XP level 4. HP: 21/26 MP: 4/4
  1468 | D:2      | Noticed Robin
  1486 | D:2      | Reached skill level 5 in Short Blades
  1518 | D:2      | Killed Robin
  1669 | D:2      | Found a sacrificial altar of Ru.
  1674 | D:2      | Noticed Natasha
  1678 | D:2      | Killed Natasha
  1678 | D:2      | Reached XP level 5. HP: 30/30 MP: 5/5
  1689 | D:2      | Became a worshipper of Ru the Awakened
  1932 | D:2      | Reached skill level 6 in Short Blades
  3079 | D:4      | Noticed an ogre
  3238 | D:4      | Reached XP level 6. HP: 35/35 MP: 6/6
  3337 | D:4      | Reached skill level 7 in Short Blades
  3524 | D:4      | Noticed Vajrapani's ghost (amateur DEFE)
  3535 | D:4      | Killed Vajrapani's ghost
  3535 | D:4      | Reached skill level 8 in Short Blades
  3585 | D:4      | Killed an ogre
  3585 | D:4      | Reached XP level 7. HP: 40/40 MP: 7/7
  3589 | D:4      | Reached skill level 9 in Short Blades
  3744 | D:4      | Gained mutation: You take slightly more damage. (AC -5) [Ru sacrifice]
  3744 | D:4      | Reached * piety under Ru
  3744 | D:4      | Reached ** piety under Ru
  3835 | D:4      | Reached skill level 10 in Short Blades
  3889 | D:5      | Entered Level 5 of the Dungeon
  4196 | D:5      | Reached XP level 8. HP: 41/44 MP: 8/8
  4247 | D:5      | Got a slimy hunting sling
  4311 | D:5      | Slain by an orc

Skill      XL: |  1  2  3  4  5  6  7 |
---------------+----------------------+-----
Short Blades   | 2 3 4 5 6 8 10 | 10.8
Fighting       | |  2.1
Crossbows      | |  4.8
Dodging        | |  2.4
Stealth        | |  1.3

Action                   |  1- 3 |  4- 6 |  7- 9 || total
-------------------------+-------+-------+-------++-------
Melee: Short sword       |   115 |   173 |    38 ||   326
 Fire: Hand crossbow     |    14 |    66 |    19 ||    99
Invok: Sacrifice Health  |       |       |     1 ||     1
  Use: Potion            |       |     1 |     2 ||     3
       Scroll            |       |       |     4 ||     4
 Stab: Sleeping          |     1 |     2 |     2 ||     5
  Eat: Chunk             |     3 |     8 |     5 ||    16
Armor: Leather armour    |    26 |    53 |     5 ||    84
Dodge: Dodged            |    91 |   128 |    17 ||   236
       Deflected         |       |     2 |       ||     2
